 Dungeon Crawl Stone Soup version 0.22.1-2-g9c5b331383 (webtiles) character file.

35304 Morrissey the Martial Artist (level 13, -4/127 HPs)
             Began as a Merfolk Transmuter on Nov 25, 2018.
             Was a Believer of Makhleb.
             Killed from afar by a fire dragon (48 damage)
             ... with a blast of flame
             ... on level 6 of the Lair of Beasts.
             The game lasted 00:50:12 (20455 turns).

Morrissey the Martial Artist (Merfolk Transmuter)  Turns: 20455, Time: 00:50:12

Health: -4/127     AC: 12    Str: 12    XL:     13   Next: 83%
Magic:  17/18      EV: 18    Int: 19    God:    Makhleb [**....]
Gold:   1016       SH:  0    Dex: 14    Spells: 6/19 levels left

rFire    x . .     SeeInvis .     - Unarmed
rCold    + + +     Gourm    +   (shield currently unavailable)
rNeg     . . .     Faith    .   (armour currently unavailable)
rPois    +         Spirit   .   (helmet currently unavailable)
rElec    .         Reflect  .   (cloak currently unavailable)
rCorr    .         Harm     .   (gloves currently unavailable)
MR       .....                  (boots currently unavailable)
Stlth    +.........             K - amulet of the gourmand
HPRegen  0.31/turn              m - +3 ring of intelligence
MPRegen  0.16/turn              z - +5 ring of protection

@: lethally poisoned (-4 -> -5), about to teleport, ice-form, marked
A: large, (change form in water), (swift swim), (stealthy swim)
a: End Transformation, Minor Destruction, Renounce Religion


You were on level 6 of the Lair of Beasts.
You worshipped Makhleb.
Makhleb was pleased with you.
You were very full.
You were a creature of crystalline ice.
You visited 3 branches of the dungeon, and saw 17 of its levels.
You also visited: Labyrinth and Sewer.

You collected 1016 gold pieces.

Inventory:

Hand Weapons
 N - the +3 trident of Extinguishment {pierce, +Blink rElec}
   (You found it in a labyrinth)

   It inflicts extra damage upon your enemies.
   It insulates you from electricity.
   It lets you blink.
Missiles
 a - 184 arrows
Armour
 b - a +0 robe
 n - a +1 pair of boots (melded)
 u - the +3 leather armour "Xewod" (melded) {MR+}
   (You found it on level 4 of the Dungeon)

   It affects your resistance to hostile enchantments.
 x - a +2 hat (melded)
 Q - +0 steam dragon scales
Magical Staves
 F - an uncursed staff of earth
 O - an uncursed staff of summoning
Jewellery
 j - an uncursed ring of positive energy
 m - a +3 ring of intelligence (left front paw)
 w - an uncursed ring of ice
 z - a +5 ring of protection (right front paw)
 B - an uncursed ring of protection from fire
 K - an amulet of the gourmand (around neck)
 P - an uncursed ring of poison resistance
Wands
 l - a wand of acid (8)
 s - a wand of enslavement (8)
 y - a wand of polymorph (15)
 A - a wand of random effects (91)
 E - a wand of scattershot (4)
 J - a wand of iceblast (7)
Scrolls
 c - 4 scrolls of teleportation
 f - 2 scrolls of magic mapping
 g - 4 scrolls of immolation
 k - 3 scrolls of enchant weapon
 p - 5 scrolls of remove curse
 q - 3 scrolls of fear
 D - 9 scrolls of identify
 G - a scroll of amnesia
 R - a scroll of enchant armour
 S - 3 scrolls of blinking
Potions
 e - 4 potions of cancellation
 h - 8 potions of flight
 i - 5 potions of agility
 o - a potion of invisibility
 r - 3 potions of heal wounds
 t - a potion of ambrosia
 v - 3 potions of curing
 C - 3 potions of brilliance
 H - 2 potions of haste
 I - 2 potions of might
 L - a potion of mutation
 M - a potion of lignification
Comestibles
 d - 32 rations


   Skills:
 * Level 11.2 Fighting
 - Level 6.1 Armour
 * Level 13.3 Dodging
 + Level 14.0 Unarmed Combat
 - Level 3.8 Spellcasting
 - Level 10.3 Transmutations
 - Level 5.0 Ice Magic
 - Level 2.0 Poison Magic
 + Level 2.3 Invocations


You had 6 spell levels left.
You knew the following spells:

 Your Spells              Type           Power        Failure   Level  Hunger
a - Beastly Appendage     Tmut           #####.       1%          1    None
b - Spider Form           Tmut/Pois      ####......   3%          3    ###....
c - Ice Form              Ice/Tmut       ####....     6%          4    ####...
d - Blade Hands           Tmut           #####.....   5%          5    ######.

Your spell library contained the following spells:

 Spells                   Type           Power        Failure   Level  Hunger
 Freeze                   Ice            ###.         1%          1    None
 Sticks to Snakes         Tmut           #####...     1%          2    ##.....
 Passwall                 Tmut/Erth      ###.....     2%          2    ##.....
 Animate Skeleton         Necr           N/A          14%         1    None
 Apportation              Tloc           #.....       14%         1    None
 Confusing Touch          Hex            #.....       14%         1    None
 Flame Tongue             Conj/Fire      #....        14%         1    None
 Infusion                 Chrm           #...         14%         1    None
 Sandblast                Erth           #.....       14%         1    None
 Shock                    Conj/Air       #...         14%         1    None
 Summon Butterflies       Summ           #.......     14%         1    None
 Summon Small Mammal      Summ           #...         14%         1    None
 Petrify                  Tmut/Erth      ###.....     17%         4    ####...
 Shroud of Golubria       Chrm/Tloc      #.........   22%         2    ##.....
 Song of Slaying          Chrm           #.......     22%         2    ##.....
 Swiftness                Chrm/Air       #.......     22%         2    ##.....
 Conjure Flame            Conj/Fire      #.......     38%         3    ###....
 Inner Flame              Hex/Fire       #.......     38%         3    ###....
 Regeneration             Chrm/Necr      #.........   38%         3    ###....
 Spectral Weapon          Hex/Chrm       #.......     38%         3    ###....
 Static Discharge         Conj/Air       #.......     38%         3    ###....
 Stone Arrow              Conj/Erth      #.....       38%         3    ###....
 Airstrike                Air            #.........   80%         4    ####...
 Leda's Liquefaction      Hex/Erth       #.........   80%         4    ####...
 Aura of Abjuration       Summ           #.........   98%         5    ######.
 Lee's Rapid Deconstruct  Erth           #.........   98%         5    ######.
 Lightning Bolt           Conj/Air       #.........   98%         5    ######.
 Shadow Creatures         Summ           N/A          100%        6    #######
 Ring of Flames           Chrm/Fire      #.........   100%        7    #######
 Summon Hydra             Summ           #.........   100%        7    #######


Dungeon Overview and Level Annotations

Branches:
Dungeon (10/15)            Temple (1/1) D:7            Lair (6/6) D:9
 Shoals (0/4) Lair:3        Snake (0/4) Lair:3
  Slime: Lair:5-6       Orc: D:9-12

Altars:
Ashenzari
Cheibriados
Dithmenos
Elyvilon
Fedhas
Gozag
Hepliaklqana
Kikubaaqudgha
Makhleb
Nemelex Xobeh
Okawaru
Qazlal
Ru
Sif Muna
Trog
Uskayaw
Vehumet
Wu Jian
Xom
Yredelemnul
Zin
The Shining One

Shops:
D:9 *

Annotations:
D:8 exclusion: 2 downstairs
Lair:3 exclusion: 3 oklob plants


Message History

An acid dragon comes into view.
You feel sick.
The swamp dragon breathes poison at you.
A fire dragon comes into view.
You feel sick. The steam dragon breathes steam at you.
The ball of steam hits you! The steam scalds you terribly!
* * * LOW HITPOINT WARNING * * *
The acid dragon spits acid at you. The splash of acid hits you!
You are splashed with acid!
The acid burns!
* * * LOW HITPOINT WARNING * * *
As you read the scroll of teleportation, it crumbles to dust.
You feel strangely unstable.
You are engulfed in a cloud of scalding steam.
* * * LOW HITPOINT WARNING * * *
You feel sick.
A komodo dragon comes into view.
The fire dragon breathes flames at you. The blast of flame hits you!
The fire burns you terribly!
You die...

≈≈≈.$.
♣.....(
.§§§..}
♣♣.§D§≈.(
♣.§§§D.$.
♣≈§§DDP♣♣
♣≈§§§§≈.♣
♣§§≈≈≈≈♣♣
♣Y≈≈≈..♣
♣D≈≈.P♣♣
♣.≈≈≈≈.♣
♣%.≈≈P♣♣
♣♣.)≈≈l≈
..P≈≈≈≈
♣...≈≈P
♣♣♣♣♣♣


You could see a fire dragon, a swamp dragon, a komodo dragon, a steam dragon and
2 acid dragons.

Vanquished Creatures
  Gastronok (D:9)
  A minotaur (Lab)
  Josephine (Lair:4)
  3 hydras
  Harold (D:9)
  Fannar (Lair:1)
  Erolcha (D:9)
  Erica (Lair:1)
  A catoblepas (Lair:4)
  2 two-headed ogres
  Urug (Lair:2)
  Nergalle (Lair:2)
  3 black mambas
  5 spiny frogs
  3 komodo dragons
  A polar bear (Lair:5)
  A hornet (D:9)
  2 trolls
  7 dream sheep (Lair:3)
  5 blink frogs (Lair:6)
  7 hippogriffs
  A vampire (D:10)
  2 yaks (D:9)
  A wyvern (Lair:5)
  5 wraiths (Lair:4)
  Grum (Lair:1)
  A basilisk (Lair:1)
  A steam dragon (Lair:2)
  7 porcupines
  12 water moccasins
  3 ogres
  5 ice beasts
  3 orc warriors
  A sky beast (D:6)
  2 phantoms
  2 necrophages (D:7)
  2 black bears
  3 wolves (Lair:1)
  5 crocodiles
  4 centaurs
  A gnoll sergeant (D:9)
  14 bullfrogs
  2 scorpions
  8 killer bees (D:10)
  4 wights (D:8)
  3 howler monkeys (D:7)
  An electric eel (D:9)
  2 bullfrog zombies
  2 centaur zombies
  6 crimson imps
  A quasit (D:9)
  4 jellies
  4 orc priests
  A water moccasin simulacrum (D:9)
  10 hounds
  A bullfrog skeleton (D:9)
  2 centaur skeletons
  3 iron imps (D:9)
  Terence (D:3)
  2 iguanas
  4 worker ants
  Natasha (thrice) (D:2)
  2 merfolk sirens (Sewer)
  13 orc wizards
  A merfolk avatar (Sewer)
  A hound zombie (D:5)
  4 gnolls (D:9)
  15 adders
  A hound simulacrum (D:9)
  A howler monkey skeleton (D:5)
  4 river rats
  A shadow imp (D:8)
  4 white imps (D:9)
  A worker ant simulacrum (D:9)
  2 ufetubi (D:9)
  2 oozes
  4 worms
  2 dart slugs
  12 leopard geckos
  34 orcs
  5 ball pythons
  12 giant cockroaches
  5 goblins
  8 hobgoblins
  12 jackals
  4 kobolds
  7 quokkas
  8 bats
  8 frilled lizards
  A leopard gecko simulacrum (D:9)
  23 rats
386 creatures vanquished.

Vanquished Creatures (collateral kills)
  A fungus (Lair:5)
1 creature vanquished.

Vanquished Creatures (others)
  An orc wizard (D:5)
  An orc (D:5)
  5 fungi
  8 plants
15 creatures vanquished.

Grand Total: 402 creatures vanquished

Notes
Turn   | Place    | Note
-------+----------+-------------------------------------------
     0 | D:1      | Morrissey the Merfolk Transmuter began the quest for the
                  | Orb.
     0 | D:1      | Reached XP level 1. HP: 15/15 MP: 3/3
   440 | D:1      | Reached XP level 2. HP: 12/21 MP: 3/5
   579 | D:1      | Learned a level 2 spell: Sticks to Snakes
  1081 | D:2      | Reached XP level 3. HP: 20/27 MP: 4/6
  1136 | D:2      | Learned a level 3 spell: Spider Form
  1200 | D:2      | Found a hide-covered altar of Uskayaw.
  1526 | D:2      | Found a shattered altar of Ashenzari.
  1619 | D:2      | Reached XP level 4. HP: 26/33 MP: 0/7
  2502 | D:3      | Noticed Natasha
  2516 | D:2      | Killed Natasha
  2516 | D:2      | Reached skill level 1 in Poison Magic
  2516 | D:2      | Reached XP level 5. HP: 10/38 MP: 2/8
  2520 | D:2      | Reached skill level 4 in Unarmed Combat
  2622 | D:2      | Noticed Natasha
  2629 | D:2      | Killed Natasha
  2634 | D:2      | Noticed Natasha
  2642 | D:2      | Killed Natasha
  2683 | D:3      | Noticed Terence
  2687 | D:3      | Killed Terence
  2723 | D:3      | Found a sacrificial altar of Ru.
  2754 | D:3      | Reached skill level 5 in Transmutations
  2959 | D:3      | Reached XP level 6. HP: 25/46 MP: 3/9
  3624 | D:4      | Found an ancient bone altar of Kikubaaqudgha.
  3714 | D:4      | Learned a level 4 spell: Ice Form
  3722 | D:4      | Found a shadowy altar of Dithmenos.
  3725 | D:4      | Found a white marble altar of Elyvilon.
  3748 | D:4      | Found a deep blue altar of Sif Muna.
  3791 | D:4      | Found an iron altar of Okawaru.
  3872 | D:4      | Found a blossoming altar of Fedhas.
  3898 | D:4      | Got a faintly glowing leather armour
  3909 | D:4      | Identified the +3 leather armour "Xewod" {MR+} (You found
                  | it on level 4 of the Dungeon)
  4024 | D:4      | Got a bloodstained spear
  4026 | D:4      | Identified the cursed +1 spear of Ilej {pierce, rC+ Int+2}
                  | (You found it on level 4 of the Dungeon)
  4129 | D:4      | Found a stormy altar of Qazlal.
  4462 | D:5      | Entered Level 5 of the Dungeon
  4462 | D:5      | Noticed an ice beast
  4491 | D:4      | Killed an ice beast
  4491 | D:4      | Reached XP level 7. HP: 29/52 MP: 1/11
  4588 | D:5      | Reached skill level 1 in Ice Magic
  4892 | D:5      | Reached skill level 1 in Armour
  5522 | D:6      | Reached XP level 8. HP: 58/58 MP: 12/12
  5551 | D:6      | Reached skill level 5 in Dodging
  5561 | D:6      | Found a glowing drain.
  5590 | Sewer    | Entered a sewer
  5993 | Sewer    | Reached skill level 5 in Unarmed Combat
  6794 | D:6      | Reached XP level 9. HP: 25/66 MP: 11/14
  6997 | D:6      | Learned a level 5 spell: Blade Hands
  7242 | D:7      | Found a staircase to the Ecumenical Temple.
  7259 | Temple   | Entered the Ecumenical Temple
  8100 | D:7      | Reached skill level 6 in Unarmed Combat
  8416 | D:7      | Reached skill level 5 in Fighting
  9345 | D:8      | Reached XP level 10. HP: 67/76 MP: 10/15
  9965 | D:9      | Found Zin's Purification Station.
  9965 | D:9      | Noticed Harold
  9965 | D:9      | Noticed a two-headed ogre
  9977 | D:8      | HP: 2/76 [two-headed ogre/giant spiked club (26)]
  9990 | D:8      | Killed a two-headed ogre
  9990 | D:8      | Reached skill level 7 in Unarmed Combat
 10338 | D:9      | Killed Harold
 10340 | D:9      | Noticed Erolcha
 11328 | D:9      | Reached skill level 5 in Armour
 11328 | D:9      | Reached skill level 8 in Unarmed Combat
 11687 | D:9      | Killed Erolcha
 11687 | D:9      | Reached XP level 11. HP: 81/84 MP: 16/16
 11763 | D:9      | Found a glowing silver altar of Zin.
 11812 | D:9      | Reached skill level 12 in Unarmed Combat
 11812 | D:9      | Reached XP level 12. HP: 91/91 MP: 17/17
 11880 | D:9      | Found a staircase to the Lair.
 12106 | D:9      | Found a burning altar of Makhleb.
 12107 | D:9      | Noticed Gastronok
 12321 | D:9      | Killed Gastronok
 12321 | D:9      | Reached skill level 10 in Transmutations
 12354 | D:9      | Became a worshipper of Makhleb the Destroyer
 12422 | D:10     | Entered Level 10 of the Dungeon
 12428 | D:10     | Reached skill level 10 in Dodging
 12584 | D:10     | Noticed a two-headed ogre
 12596 | D:10     | Killed a two-headed ogre
 13404 | Lair:1   | Entered Level 1 of the Lair of Beasts
 13446 | Lair:1   | Reached skill level 13 in Unarmed Combat
 13519 | Lair:1   | Found a labyrinth entrance.
 13529 | Lab      | Entered a labyrinth
 15326 | Lab      | Noticed a minotaur
 15332 | Lab      | Killed a minotaur
 15382 | Lab      | Identified Sif Muna's Reference Book on Frigorific Calling
 15382 | Lab      | Identified Sif Muna's Grimoire of Dusty Fire
 15386 | Lab      | Got an ancient trident
 15388 | Lab      | Identified the +3 trident of Extinguishment {pierce, +Blink
                  | rElec} (You found it in a labyrinth)
 15605 | Lair:1   | Noticed Erica
 15615 | Lair:1   | Killed Erica
 15615 | Lair:1   | Reached skill level 5 in Ice Magic
 15891 | Lair:1   | Reached * piety under Makhleb
 15962 | Lair:1   | Noticed Fannar
 15984 | Lair:1   | Killed Fannar
 16059 | Lair:1   | Noticed Grum
 16086 | Lair:1   | Killed Grum
 16548 | Lair:2   | Noticed Nergalle
 16559 | Lair:2   | Killed Nergalle
 16676 | Lair:2   | Noticed a six-headed hydra
 16693 | Lair:2   | Killed a six-headed hydra
 16693 | Lair:2   | Reached XP level 13. HP: 100/102 MP: 13/18
 16994 | Lair:2   | Noticed Urug
 17009 | Lair:2   | Killed Urug
 17131 | Lair:2   | Reached skill level 10 in Fighting
 17816 | Lair:3   | Found a staircase to the Snake Pit.
 17899 | Lair:3   | Found a staircase to the Shoals.
 18604 | Lair:4   | Noticed Josephine
 18839 | Lair:4   | Reached ** piety under Makhleb
 18869 | Lair:4   | Killed Josephine
 19292 | Lair:5   | Reached skill level 1 in Invocations
 19957 | Lair:6   | Entered Level 6 of the Lair of Beasts
 20327 | Lair:6   | Reached skill level 14 in Unarmed Combat
 20452 | Lair:6   | Noticed a fire dragon
 20455 | Lair:6   | Killed from afar by a fire dragon

Skill      XL: |  1  2  3  4  5  6  7  8  9 10 11 12 13 |
---------------+----------------------------------------+-----
Transmutations | 3 4 5 6 8 9 10 | 10.3
Dodging        | 3 4 5 7 9 11 13 | 13.3
Fighting       | 2 3 4 5 7 9 11 | 11.2
Poison Magic   | 1 2 |  2.0
Unarmed Combat | 4 5 6 8 12 13 14 | 14.0
Ice Magic      | 1 2 4 5 |  5.0
Armour         | 1 2 4 5 6 |  6.1
Spellcasting   | 3 |  3.8
Invocations    | 2 |  2.3

Action                   |  1- 3 |  4- 6 |  7- 9 | 10-12 | 13-15 || total
-------------------------+-------+-------+-------+-------+-------++-------
Melee: Unarmed           |   111 |   202 |   505 |   331 |   214 ||  1363
       Headbutt          |    12 |       |       |       |       ||    12
       Punch             |     1 |     3 |     3 |     5 |     5 ||    17
       Tailslap          |       |       |     5 |       |       ||     5
 Cast: Beastly Appendage |    18 |     3 |       |       |       ||    21
       Spider Form       |     4 |    20 |    26 |     5 |       ||    55
       Ice Form          |       |       |     4 |    16 |    20 ||    40
       Blade Hands       |       |       |     1 |    14 |     6 ||    21
 Abil: End Transformatio |     1 |     8 |     8 |    11 |     2 ||    30
Evoke: Wand              |       |       |       |     5 |       ||     5
  Use: Scroll            |       |    11 |     5 |    10 |     7 ||    33
       Potion            |       |       |     2 |     2 |       ||     4
 Stab: Sleeping          |     1 |     1 |     2 |       |       ||     4
       Distracted        |     1 |       |       |       |       ||     1
  Eat: Chunk             |     3 |    12 |    14 |    33 |    16 ||    78
       Ration            |       |       |     2 |     3 |       ||     5
Armor: Robe              |    22 |    12 |       |       |       ||    34
       Skin              |       |     6 |    39 |    31 |    47 ||   123
       Leather armour    |       |     4 |    39 |    44 |     9 ||    96
Dodge: Dodged            |    83 |   156 |   443 |   333 |   148 ||  1163
